cohdb
Replays
Latest Replays
All Replays
Popular Replays
Top Player Replays
Match Explorer
How It Works
Community
CoH3 Stats
Reddit
Sign in to upload your games and track your stats! →
Sign in with Steam
Match 42233792
Unlisted
Match 42233792
Overview
Messages
Build Orders
End
Construct Barracks
Selects Armored Battlegroup
Selects Veteran Crews
1⁄4-ton 4x4 Truck
Riflemen Squad
Riflemen Squad
Riflemen Squad
Engineer Squad
Construct Medical Station
Air Support Center
Grasshopper Recon Run
Double Sortie
P-47 Strafing Run
Selects Strength in Steel
Riflemen Squad
M1918 Browning Automatic Rifles
Grasshopper Recon Run
P-47 Strafing Run
Grenade Package
Construct Motor Pool
Selects M8 Scott SPG
M8 Scott SPG
Grasshopper Recon Run
P-47 Strafing Run
Improved Aircraft Armor
M1 Anti-tank Gun Team
Grasshopper Recon Run
P-47 Dive Bomb
Air Supremacy
Construct Tank Depot
Selects UNKNOWN (2160077)
Selects M31 Recovery Vehicle
Grasshopper Recon Run
Advanced Air Reconnaissance
M1 Anti-tank Gun Team
P-47 Dive Bomb
P-47 Strafing Run
Grasshopper High-Altitude Recon Run
P-47 Dive Bomb
P-47 Strafing Run
Selects War Machine
Engineer Squad
M4A3E8 Sherman Easy Eight
Grasshopper High-Altitude Recon Run
Grasshopper High-Altitude Recon Run
M31 Recovery Vehicle
P-47 Strafing Run
Grasshopper High-Altitude Recon Run
P-47 Dive Bomb
homig
Alvarez
kerem
sunsetistaken
The Senate
ElaGiwrgi
꽃이에옹
skyhawkfranky
0
0
Comments
sign in to comment!
No comments posted yet!